 Dungeon Crawl Stone Soup version 0.18-a0-1805-g8ab820f (webtiles) character file.

312 eljoo the Digger (level 6, -14/43 HPs)
             Began as a Formicid Earth Elementalist on Apr 26, 2016.
             Was an Initiate of Ashenzari.
             Demolished by an ogre
             ... wielding a +0 giant club
              (25 damage)
             ... on level 5 of the Dungeon.
             The game lasted 00:32:28 (5387 turns).

eljoo the Digger (Formicid Earth Elementalist)      Turns: 5387, Time: 00:32:28

Health: -14/43     AC:  3    Str: 11 (14) XL:     6   Next: 71%
Magic:  11/11      EV: 12    Int: 15      God:    Ashenzari [......]
Gold:   30         SH:  0    Dex: 10 (11) Spells: 1 memorised, 11 levels left

rFire  . . .     SeeInvis +     a - +2 short sword (flame)
rCold  . . .     Gourm    .     k - +0 robe (curse)
rNeg   . . .     Faith    .     (no shield)
rPois  .         Spirit   .     (helmet unavailable)
rElec  .         Dismiss  +     (no cloak)
rCorr  .         Reflect  .     p - +0 pair of gloves
SustAt .         Harm     .     (no boots)
MR     .....                    g - amulet of dismissal
Stlth  +++.......               (no ring)
                                (no ring)

@: not resistant to hostile enchantments, fairly stealthy
A: permanent stasis, dig shafts and tunnels, four strong arms, antennae 3
a: Dig, Shaft Self, Curse Item, Renounce Religion


You were on level 5 of the Dungeon.
You worshipped Ashenzari.
Ashenzari was noncommittal.
You were not hungry.

You visited 1 branch of the dungeon, and saw 5 of its levels.

You collected 147 gold pieces.
You spent 117 gold pieces at shops.

Inventory:

Hand Weapons
 a - a +2 short sword of flaming (weapon)
 E - a -2 short sword
Missiles
 b - 159 stones (quivered)
Armour
 k - a cursed +0 robe (worn)
 n - a +0 animal skin
 p - a +0 pair of gloves (worn)
 x - a +0 robe
Jewellery
 g - an amulet of dismissal (around neck)
 A - an uncursed amulet of guardian spirit
Wands
 r - a wand of iceblast (5/15)
 y - a wand of iceblast (1/15)
 B - a wand of confusion (16/48)
 H - a wand of digging (15/24)
 I - a wand of polymorph (11/24)
Scrolls
 e - 3 scrolls of identify
 f - a scroll of enchant armour {unknown}
 h - 6 scrolls of remove curse
 i - a scroll of noise {unknown}
 v - a scroll of recharging {unknown}
 z - a scroll of immolation {unknown}
 D - a scroll of amnesia {unknown}
 F - 2 scrolls of blinking {unknown}
Potions
 j - a potion of mutation {unknown}
 m - a potion of lignification {unknown}
 o - a potion of heal wounds
 s - 2 potions of cure mutation
 u - a potion of magic {unknown}
 w - 3 potions of curing
 G - a potion of beneficial mutation {unknown}
 J - a potion of agility {unknown}
Books
 c - a book of Geomancy

   Spells                             Type                      Level
   a - Sandblast                      Earth                        1
   b - Passwall                       Transmutation/Earth          2
   c - Stone Arrow                    Conjuration/Earth            3
   d - Petrify                        Transmutation/Earth          4
   e - Lee's Rapid Deconstruction     Earth                        5
 t - a book of Frost

   Spells                             Type                      Level
   a - Freeze                         Ice                          1
   b - Throw Frost                    Conjuration/Ice              2
   c - Ozocubu's Armour               Charms/Ice                   3
   d - Throw Icicle                   Conjuration/Ice              4
   e - Summon Ice Beast               Ice/Summoning                4
Comestibles
 d - 3 bread rations
 l - 2 meat rations
 q - 2 beef jerkies
 C - 4 fruits


   Skills:
 + Level 1.5 Fighting
 + Level 1.3 Short Blades
 - Level 1.8 Dodging
 - Level 5.1 Stealth
 + Level 3.6 Spellcasting
   Level 1.1 Transmutations
 * Level 5.5 Earth Magic


You had 11 spell levels left.
You knew the following spells:

 Your Spells              Type           Power        Failure   Level  Hunger
a - Sandblast             Erth           ###...       1%          1    None


Dungeon Overview and Level Annotations

Branches:
Dungeon (5/15)
 Temple: D:4-7

Altars:
Ashenzari
Trog
Vehumet
Yredelemnul
The Shining One

Shops:
D:4 [![?

Annotations:
D:4 Menkaure; Sigmund; beholder's ghost, amateur FoAK


Innate Abilities, Weirdness & Mutations

You are under a permanent stasis effect.
You can dig through walls and to a lower floor.
Your four strong arms can wield two-handed weapons with a shield.
You have a pair of large antennae on your head (SInv).


Message History

You hit the orc. You burn the orc.
You kill the orc!
You closely miss the orc.
The orc is almost dead.
The orc closely misses you.
You hit the orc. You burn the orc.
You kill the orc!
You start resting.
The ogre shouts!
Items here: )) [ † an uncursed hand axe; an uncursed mace; a +0 scale mail; an orc corpse The ogre hits you with a giant club!!
* * * LOW HITPOINT WARNING * * *
You hit the ogre. You burn the ogre.
The ogre is moderately wounded.
The ogre hits you with a giant club.
* * * LOW HITPOINT WARNING * * *
The ogre hits you with a giant club!!
Ouch! That really hurt!
You die...

.# ..# #...# . ........... ##
...#...##. ........... #
###.#.#..... .....?.....
..#.#......## ...........
##...#.#.....### ...........
#..............# #.....#....
#..........#...# #######.###
######.........O#...######....###
................@................
.....#..........#...######.....##
..####..........#...# #....## ..#
#.......####...# #...## ..#
#.......# #...# #...# .##
#.......# #...# #...# ##
######### ##### ##### #


You could see an ogre.

Vanquished Creatures
  A scorpion (D:4)
  2 orc priests (D:3)
  A worker ant (D:5)
  3 adders
  3 oozes
  5 worms (D:2)
  3 dart slugs
  2 giant geckos
  15 orcs
  A ball python (D:2)
  8 bats
  2 giant cockroaches (D:3)
  12 goblins
  14 hobgoblins
  5 jackals
  2 quokkas
  3 giant newts
  14 kobolds
  9 rats
105 creatures vanquished.

Notes
Turn   | Place    | Note
--------------------------------------------------------------
     0 | D:1      | eljoo the Formicid Earth Elementalist began the quest for the Orb.
     0 | D:1      | Reached XP level 1. HP: 13/13 MP: 3/3
   227 | D:1      | Reached XP level 2. HP: 17/19 MP: 1/5
  1025 | D:1      | Reached XP level 3. HP: 18/24 MP: 1/6
  1639 | D:2      | Reached XP level 4. HP: 25/30 MP: 2/8
  2018 | D:2      | Found a bloodstained altar of Trog.
  2106 | D:2      | Found a glowing golden altar of the Shining One.
  2542 | D:2      | Reached XP level 5. HP: 26/35 MP: 9/9
  2966 | D:3      | Reached skill level 5 in Stealth
  3562 | D:4      | Noticed beholder's ghost (amateur FoAK)
  3568 | D:4      | Noticed an ogre
  3695 | D:3      | Reached skill level 5 in Earth Magic
  3695 | D:3      | Reached XP level 6. HP: 38/42 MP: 9/11
  3720 | D:4      | Found a radiant altar of Vehumet.
  3733 | D:4      | Reached skill level 1 in Fighting
  3733 | D:4      | Reached skill level 1 in Short Blades
  3746 | D:4      | Noticed Sigmund
  3774 | D:4      | Found Poneh's Antique Armour Shoppe.
  3781 | D:4      | Bought a runed robe for 21 gold pieces
  3799 | D:4      | Found Noopleri's Armour Boutique.
  4019 | D:4      | Found a shattered altar of Ashenzari.
  4027 | D:4      | Became a worshipper of Ashenzari the Shackled
  4066 | D:4      | Found Omymeb's Distillery.
  4083 | D:4      | Bought a potion of curing for 36 gold pieces
  4083 | D:4      | Bought a potion of heal wounds for 60 gold pieces
  4151 | D:4      | Noticed Menkaure
  4164 | D:5      | Entered Level 5 of the Dungeon
  4167 | D:5      | Noticed an ice beast
  4321 | D:5      | Noticed an ogre
  4321 | D:5      | Noticed an ogre
  4919 | D:4      | Found Gomnamp's Magic Scroll Shop.
  5295 | D:5      | Found a basalt altar of Yredelemnul.
  5387 | D:5      | Demolished by an ogre

Vault maps used:
D:1:      dpeg_arrival_tiny_d, minmay_misc_feat_encased
D:2:      tso_metal_star, grunt_ministairs_2, trog_hazing_becter
D:3:      minmay_cupped
D:4:      fiery_altar_vehumet, nicolae_ashenzari_panopticon,
          nemelex_xobeh_ov_fountains_minmay, first_bread, serial_shops,
          nicolae_shop_trees, shop, shop, shop_fountains, nicolae_shop_stone,
          uniq_menkaure, uniq_sigmund
D:5:      yredelemnul_altar_generic, gammafunk_temple_overflow_claw,
          uniq_blork_the_orc

Skill      XL: |  1  2  3  4  5  6 |
---------------+-------------------+-----
Earth Magic    | 4 5 |  5.5
Stealth        | 3 4 5 |  5.1
Spellcasting   | 3 |  3.6
Fighting       | 1 |  1.5
Short Blades   | 1 |  1.3
Dodging        | |  1.8
Transmutations | |  1.1

Action                   |  1- 3 |  4- 6 || total
-------------------------+-------+-------++-------
Melee: Unarmed           |    43 |     2 ||    45
       Short sword       |       |   109 ||   109
 Cast: Sandblast         |    64 |    79 ||   143
 Abil: Dig               |       |     1 ||     1
  Use: Scroll            |       |     4 ||     4
       Potion            |       |     3 ||     3
 Stab: Sleeping          |     2 |     4 ||     6
       Distracted        |       |     1 ||     1
  Eat: Chunk             |     3 |     9 ||    12
       Meat ration       |       |     1 ||     1
Armor: Robe              |    19 |    21 ||    40
Dodge: Dodged            |    59 |   105 ||   164
